 Dungeon Crawl Stone Soup version 0.21.1-1-g345015f (webtiles) character file.

5119 xccam the Cleaver (level 10, -13/99 HPs)
             Began as a White Draconian Wanderer on Mar 9, 2018.
             Was a Follower of Ru.
             Mangled by a red ugly thing (21 damage)
             ... on level 8 of the Dungeon.
             The game lasted 00:27:36 (8318 turns).

xccam the Cleaver (White Draconian Wanderer)        Turns: 8318, Time: 00:27:37

Health: -13/99     AC:  7    Str: 16    XL:     10   Next: 32%
Magic:  10/10      EV: 15    Int: 14    God:    Ru [*.....]
Gold:   387        SH:  0    Dex: 11    Spells: 9/9 levels left

rFire    . . .     SeeInvis .   A - +0 war axe
rCold    + . .     Gourm    .   (no shield)
rNeg     . . .     Faith    .   (armour unavailable)
rPois    .         Spirit   .   z - +0 hat
rElec    .         Reflect  .   (no cloak)
rCorr    .         Harm     .   (no gloves)
MR       .....                  (no boots)
Stlth    +.........             p - amulet of rage
HPRegen  0.26/turn              (no ring)
MPRegen  0.12/turn              (no ring)

@: no status effects
A: breathe frost, unfitting armour, horns 1, cold resistance 1, robust 1,
cold-blooded, hated by all, AC +7
a: Breathe Frost, Renounce Religion, Evoke Berserk Rage


You were on level 8 of the Dungeon.
You worshipped Ru.
Ru was aware of your devotion.
You were not hungry.

You visited 2 branches of the dungeon, and saw 9 of its levels.
You also visited: Sewer.

You collected 387 gold pieces.

Inventory:

Hand Weapons
 A - a +0 war axe (weapon)
Missiles
 k - 11 tomahawks (quivered)
Armour
 z - a +0 hat (worn)
Jewellery
 e - an uncursed amulet of magic regeneration
 p - an amulet of rage (around neck)
Wands
 f - a wand of acid (2)
 r - a wand of polymorph (22)
 v - a wand of digging (12)
 x - a wand of clouds (4)
Scrolls
 i - a scroll of fear
 j - a scroll of blinking
 l - 2 scrolls of fog
 n - 3 scrolls of teleportation
 q - 6 scrolls of enchant armour
 s - 3 scrolls of remove curse
 u - 6 scrolls of identify
 w - a scroll of silence {unknown}
 y - 2 scrolls of amnesia
Potions
 b - 2 potions of curing
 d - a potion of agility
 h - 4 potions of lignification
 m - a potion of magic
 t - 5 potions of flight
Comestibles
 c - 12 rations


   Skills:
 + Level 8.7 Fighting
 + Level 11.7 Axes
 - Level 1.0 Throwing
 + Level 7.0 Dodging
 - Level 1.0 Stealth
 - Level 1.0 Evocations


You had 9 spell levels left.
You didn't know any spells.

Dungeon Overview and Level Annotations

Branches:
Dungeon (8/15)             Temple (1/1) D:5
   Lair: D:8-11

Altars:
Ashenzari
Cheibriados
Elyvilon
Fedhas
Gozag
Hepliaklqana
Kikubaaqudgha
Makhleb
Nemelex Xobeh
Okawaru
Qazlal
Ru
Trog
Uskayaw
Vehumet
Wu Jian
Xom
Yredelemnul
Zin
The Shining One

Shops:
D:4 [   D:8 :


Innate Abilities, Weirdness & Mutations

You can breathe waves of freezing cold.
You can buffet flying creatures when you breathe cold.
Your icy white scales are hard. (AC +7)
You cannot fit into any form of body armour.
Your flesh is cold resistant. (rC+)
You are cold-blooded and may be slowed by cold attacks.
You are hated by all.
You have a pair of small horns on your head.
You are robust. (+10% HP)


Message History

You closely miss the red ugly thing.
The red ugly thing is severely wounded.
You redirect the red ugly thing's attack!
The red ugly thing barely misses something.
Unknown command.
You are confused.
You feel invigorated. The red ugly thing misses you.
Okay, then.
You're too confused!
You hit the red ugly thing but do no damage.
The red ugly thing is severely wounded.
The red ugly thing stings you!
* * * LOW HITPOINT WARNING * * *
You are engulfed in flames!!
* * * LOW HITPOINT WARNING * * *
Unknown command.
You feel better.
You feel less invigorated. The red ugly thing stings you!
* * * LOW HITPOINT WARNING * * *
You are engulfed in flames!!
You die...

#og.#
#u..#
#o..#
#h.##
##h##
#y.#
#yy#
#u##
##@#
###


You could see a red ugly thing and 2 killer bees.

Vanquished Creatures
  A two-headed ogre (D:8)
  The ghost of letownia2 the Spear-Bearer, a novice MfWz of Cheibriados (D:7)
  Pikel (D:6)
  The ghost of aMcNicky the Digger, a novice GrEE (D:6)
  A hippogriff (D:8)
  A wyvern (D:8)
  Eustachio (D:5)
  Duvessa (D:6)
  A slave (D:6)
  2 ice beasts
  2 phantoms
  A black bear (D:6)
  2 sky beasts
  4 ogres
  A centaur (D:6)
  A big kobold (D:7)
  3 bullfrogs
  Dowan (D:6)
  A scorpion (D:5)
  2 howler monkeys
  A centaur zombie (D:6)
  A crimson imp (D:8)
  A jelly (D:7)
  An orc priest (D:6)
  A centaur skeleton (D:5)
  3 hounds
  Jessica (D:3)
  A bullfrog skeleton (D:5)
  3 iguanas
  Ijyb (D:5)
  5 orc wizards
  6 worker ants
  A hound zombie (D:5)
  3 hound skeletons
  Robin (D:2)
  12 gnolls
  11 adders
  3 shadow imps
  2 oozes
  2 adder skeletons
  4 worms
  A dart slug (D:1)
  5 leopard geckos
  22 orcs
  9 giant cockroaches
  17 goblins
  10 hobgoblins
  8 jackals
  2 quokkas
  5 ball pythons
  3 bats
  4 frilled lizards
  A jackal zombie (D:5)
  15 kobolds
  A leopard gecko skeleton (D:8)
  A quokka skeleton (D:6)
  13 rats
  A butterfly (D:5)
211 creatures vanquished.

Vanquished Creatures (others)
  A slave (D:6)
  Blork the orc (D:6)
2 creatures vanquished.

Grand Total: 213 creatures vanquished

Notes
Turn   | Place    | Note
-------+----------+-------------------------------------------
     0 | D:1      | xccam the Draconian Wanderer began the quest for the Orb.
     0 | D:1      | xccam set off with: a +2 hand axe, 2 potions of curing, a ration
     0 | D:1      | Reached XP level 1. HP: 17/17 MP: 1/1
   226 | D:1      | Reached XP level 2. HP: 21/24 MP: 2/2
   659 | D:2      | Noticed Robin
   660 | D:2      | Reached XP level 3. HP: 29/29 MP: 3/3
   678 | D:2      | Reached skill level 6 in Axes
   694 | D:2      | Killed Robin
  1009 | D:2      | Found a glowing silver altar of Zin.
  1142 | D:2      | Found a basalt altar of Yredelemnul.
  1167 | D:2      | Found an ancient bone altar of Kikubaaqudgha.
  1185 | D:2      | Reached XP level 4. HP: 27/36 MP: 4/4
  1191 | D:2      | Found a radiant altar of Vehumet.
  1379 | D:2      | Found a burning altar of Makhleb.
  1641 | D:3      | Reached skill level 7 in Axes
  1677 | D:3      | Noticed Jessica
  1680 | D:3      | Killed Jessica
  1680 | D:3      | Reached XP level 5. HP: 38/41 MP: 5/5
  2511 | D:4      | Reached skill level 8 in Axes
  2511 | D:4      | Reached XP level 6. HP: 14/48 MP: 6/6
  2753 | D:4      | Found Wemaf's Antique Armour Shoppe.
  2898 | D:4      | Found an iron altar of Okawaru.
  3417 | D:4      | Reached skill level 9 in Axes
  3417 | D:4      | Your scales start taking on an icy white colour.
  3417 | D:4      | Reached XP level 7. HP: 18/55 MP: 7/7
  3417 | D:4      | Gained mutation: Your flesh is cold resistant. (rC+) [White Draconian growth]
  3919 | D:4      | Reached skill level 1 in Dodging
  4242 | D:5      | Entered Level 5 of the Dungeon
  4312 | D:5      | Found a glowing drain.
  4359 | Sewer    | Entered a sewer
  4710 | D:5      | Noticed Eustachio
  4734 | D:5      | Killed Eustachio
  4741 | D:5      | Gained mutation: You are robust. (+10% HP) [potion of mutation]
  4741 | D:5      | Gained mutation: You have a pair of small horns on your head. [potion of mutation]
  4896 | D:5      | Reached XP level 8. HP: 64/72 MP: 8/8
  4926 | D:5      | Found a shattered altar of Ashenzari.
  5009 | D:5      | Found a hide-covered altar of Uskayaw.
  5185 | D:5      | Found a staircase to the Ecumenical Temple.
  5190 | Temple   | Entered the Ecumenical Temple
  5334 | D:5      | Noticed Ijyb
  5349 | D:5      | Killed Ijyb
  5484 | D:6      | Reached skill level 10 in Axes
  5494 | D:6      | Noticed Pikel
  5540 | D:6      | Killed Pikel
  5540 | D:6      | Reached skill level 5 in Fighting
  5826 | D:6      | Noticed aMcNicky's ghost (novice GrEE)
  5837 | D:6      | Killed aMcNicky's ghost
  5837 | D:6      | Reached XP level 9. HP: 80/84 MP: 9/9
  5910 | D:6      | Reached skill level 5 in Dodging
  5941 | D:6      | Noticed Blork the orc
  5962 | D:6      | Killed Blork the orc
  6091 | D:6      | Noticed Duvessa
  6091 | D:6      | Noticed Dowan
  6096 | D:6      | Killed Duvessa
  6107 | D:6      | Killed Dowan
  6107 | D:6      | Reached skill level 11 in Axes
  6173 | D:6      | Found a sacrificial altar of Ru.
  6181 | D:6      | Became a worshipper of Ru the Awakened
  6334 | D:7      | Found a sparkling altar of Nemelex Xobeh.
  6334 | D:7      | Noticed letownia2's ghost (novice MfWz)
  6595 | D:7      | Found an ancient bone altar of Kikubaaqudgha.
  6683 | D:7      | Killed letownia2's ghost
  7332 | D:7      | Found a stormy altar of Qazlal.
  7350 | D:7      | Reached XP level 10. HP: 79/96 MP: 10/10
  7612 | D:8      | Gained mutation: You are hated by all. [Ru sacrifice]
  7612 | D:8      | Reached * piety under Ru
  7904 | D:8      | Noticed a two-headed ogre
  7923 | D:8      | Killed a two-headed ogre
  8257 | D:8      | Found Irobuiby's Book Shoppe.
  8271 | D:8      | Noticed a red ugly thing
  8318 | D:8      | Mangled by a red ugly thing

Skill      XL: |  1  2  3  4  5  6  7  8  9 10 |
---------------+-------------------------------+-----
Axes           | 6 7 8 9 10 11 | 11.7
Dodging        | 2 4 6 7 |  7.0
Fighting       | 3 6 8 |  8.7
Throwing       | |  1.0
Stealth        | |  1.0
Evocations     | |  1.0

Action                   |  1- 3 |  4- 6 |  7- 9 | 10-12 || total
-------------------------+-------+-------+-------+-------++-------
Melee: Hand axe          |   100 |   206 |   408 |       ||   714
       Tailslap          |     7 |    18 |    45 |     6 ||    76
       Headbutt          |       |       |    46 |    12 ||    58
       War axe           |       |       |    27 |    72 ||    99
Invok: Sacrifice Love    |       |       |       |     1 ||     1
 Abil: Breathe Frost     |       |       |     3 |       ||     3
Evoke: Wand              |       |       |    10 |     3 ||    13
  Use: Scroll            |     2 |     5 |     8 |     1 ||    16
       Potion            |     1 |     2 |     8 |     8 ||    19
 Stab: Sleeping          |     1 |       |     1 |     1 ||     3
  Eat: Chunk             |     1 |     6 |     4 |     2 ||    13
       Ration            |       |       |     3 |     1 ||     4
Armor: Skin              |    20 |    44 |    90 |    25 ||   179
Dodge: Dodged            |    55 |   103 |   250 |    78 ||   486
